 Dungeon Crawl Stone Soup version 0.31.0-11-ge490571c62 (webtiles) character file.

Game seed: 11412756705964049724

70 qw the Ducker (level 4, -3/22 HPs)
             Began as a Spriggan Hunter on Feb 3, 2024.
             Slain by a gnoll
             ... wielding a +0 halberd
              (8 damage)
             ... on level 3 of the Dungeon.
             The game lasted 00:00:04 (1330 turns).

qw the Ducker (Spriggan Hunter)                     Turns: 1330, Time: 00:00:05

Health: -3/22      AC:  2    Str:  7    XL:     4   Next: 4%
Magic:  5/5        EV: 21    Int: 10    God:
Gold:   117        SH:  0    Dex: 26    Spells: 3/3 levels left

rFire   . . .        a - +0 shortbow
rCold   . . .        (shield currently unavailable)
rNeg    . . .        c - +0 robe
rPois   .            (helmet restricted)
rElec   .            (no cloak)
rCorr   .            (gloves unavailable)
SInv    +            (boots unavailable)
Will    .....        (no amulet)
Stlth   ++           i - +6 ring of dexterity
HPRegen 0.23/turn    (no ring)
MPRegen 0.09/turn

%: no passive effects
@: about to teleport, very quick
A: very small, no large weapons, unfitting armour, see invisible, speed 3
a: no special abilities


You were on level 3 of the Dungeon.
You visited 1 branch of the dungeon, and saw 3 of its levels.

You collected 117 gold pieces.


Innate Abilities, Weirdness & Mutations

You are very small and have problems with some larger weapons.
You are too small for most types of armour.
You have supernaturally acute eyesight. (SInv)
You cover ground extremely quickly. (Speed+++)


   Skills:
 - Level 1.5 Fighting
 + Level 4.6 Ranged Weapons
 - Level 5.0 Dodging
 - Level 1.5 Stealth


You had 3 spell levels left.
You didn't know any spells.
Your spell library was empty.

Inventory:

Hand Weapons
 a - a +0 shortbow (weapon)
Armour
 c - a +0 robe (worn)
Jewellery
 h - a ring of ice
 i - a +6 ring of dexterity (left hand)
 l - an amulet of the acrobat
Scrolls
 b - a scroll of blinking {unknown}
 g - 3 scrolls of teleportation
Potions
 d - a potion of mutation {unknown}
 e - a potion of haste {unknown}
 f - a potion of brilliance {unknown}
 j - a potion of attraction {unknown}
 k - a potion of cancellation {unknown}
 m - a potion of curing {unknown}

Dungeon Overview and Level Annotations

Branches:
Dungeon (3/15)

Altars:


Message History

The gnoll completely misses you.
A gnoll comes into view. It is wielding a +0 club.
You shoot an arrow. The arrow hits the gnoll.
The gnoll is severely wounded.
You shoot an arrow. The arrow barely misses the gnoll.
You shoot an arrow. The arrow closely misses the gnoll.
The arrow hits the gnoll!
You kill the gnoll!
A gnoll comes into view. It is wielding a +0 whip.
You shoot an arrow. The arrow hits the gnoll!
The gnoll is almost dead.
The gnoll misses you.
You shoot an arrow. The arrow hits the gnoll!
You kill the gnoll!
A gnoll comes into view. It is wielding a +0 halberd.
The gnoll misses you.
You have reached level 4!
You shoot an arrow. The arrow closely misses the gnoll.
The arrow barely misses the gnoll.
The gnoll misses you. The gnoll hits you with a +0 whip.
You shoot an arrow. The arrow barely misses the gnoll.
The arrow hits the gnoll!
The gnoll is heavily wounded.
The gnoll closely misses you. The gnoll misses you.
You shoot an arrow. The arrow hits the gnoll.
The gnoll is lightly wounded.
The gnoll misses you.
You shoot an arrow. The arrow barely misses the gnoll.
The gnoll misses you.
The gnoll hits you from afar with a +0 halberd!
Ouch! That really hurt!
1328 ||| READING 4 scrolls of teleportation.
As you read the scroll of teleportation, it crumbles to dust.
You feel strangely unstable. The gnoll misses you. The gnoll barely misses you.
You shoot an arrow. The arrow barely misses the gnoll.
The gnoll misses you. x3; The gnoll completely misses you.
You shoot an arrow. The arrow closely misses the gnoll.
The gnoll completely misses you.
The gnoll hits you from afar with a +0 halberd!
You die...

# #. #.. ### .. ..#
.###.####.# ....)g)@#.#
##...##g#.#### #.
#......# ####...# #...#
#...# #####+#####...#
#....(.......(#
#.......####'##########


You could see 2 gnolls.

Vanquished Creatures
  2 gnolls (D:3)
  3 ribbon worms (D:2)
  2 ball pythons (D:2)
  4 bats
  3 endoplasms (D:2)
  A giant cockroach (D:1)
  3 goblins
  5 hobgoblins
  6 jackals
  3 quokkas (D:3)
  A frilled lizard (D:2)
  5 kobolds
  3 rats
41 creatures vanquished.

Notes
Turn   | Place    | Note
-------+----------+-------------------------------------------
     0 | D:1      | qw the Spriggan Hunter began the quest for the Orb.
     0 | D:1      | Reached XP level 1. HP: 10/10 MP: 2/2
     0 | D:1      | 0 ||| qw: Version: 0.3-a-157-g843a77d
     0 | D:1      | 0 ||| qw: Game counter: 3782
     0 | D:1      | 0 ||| qw: Melee chars always use a shield: true
     0 | D:1      | 0 ||| qw: God list: Okawaru
     0 | D:1      | 0 ||| qw: Allow faded altars: false
     0 | D:1      | 0 ||| qw: Do Orc after clearing Dungeon:15 true
     0 | D:1      | 0 ||| qw: Do second Lair branch before Depths: true
     0 | D:1      | 0 ||| qw: Lair rune preference: random
     0 | D:1      | 0 ||| qw: Goals: Normal
     0 | D:1      | 0 ||| PLANNING D:1-11
    31 | D:1      | Reached skill level 3 in Dodging
   354 | D:1      | Reached XP level 2. HP: 14/14 MP: 3/3
   393 | D:1      | Reached skill level 4 in Dodging
   508 | D:1      | 508 ||| UPGRADING to +6 ring of dexterity.
   509 | D:1      | 509 ||| READING scroll labelled PAUL ITHAVICH.
   509 | D:1      | 509 ||| IDENTIFYING dark potion
   510 | D:1      | 510 ||| READING scroll labelled SOR LURADIACU.
   511 | D:1      | 511 ||| READING scroll labelled JOUWAH PIAKLOT.
   512 | D:1      | 512 ||| READING 4 scrolls labelled LEGINGICRI.
   515 | D:1      | 515 ||| DROPPING scroll of butterflies.
   516 | D:1      | 516 ||| DROPPING potion of berserk rage.
   808 | D:2      | Reached XP level 3. HP: 18/18 MP: 4/4
   988 | D:2      | Reached skill level 5 in Dodging
  1003 | D:2      | 1003 ||| READING scroll of identify.
  1003 | D:2      | 1003 ||| IDENTIFYING amethyst potion
  1004 | D:2      | 1004 ||| READING 2 scrolls labelled YSAUPLY NISAQ.
  1105 | D:2      | 1105 ||| DROPPING scroll of vulnerability.
  1106 | D:2      | 1106 ||| DROPPING potion of ambrosia.
  1324 | D:3      | Reached XP level 4. HP: 22/22 MP: 5/5
  1327 | D:3      | HP: 5/22 [gnoll/+0 halberd (14)]
  1328 | D:3      | 1328 ||| READING 4 scrolls of teleportation.
  1330 | D:3      | Slain by a gnoll

Levels and vault maps discovered:
D:1:      lightli_arrival_statuegarden, layout_basic
D:2:      layout_rooms
D:3:      layout_basic, serial_undead, serial_undead_c, serial_undead_d,
          serial_undead_c, serial_undead_d, minmay_randomly_rotated_circles

Skill      XL: |  1  2  3 |
---------------+----------+-----
Dodging        | 3 4 5 |  5.0
Fighting       | |  1.5
Ranged Weapons | |  4.6
Stealth        | |  1.5

Action                     |  1- 3 |  4- 6 || total
---------------------------+-------+-------++-------
   Fire: Shortbow          |   106 |     6 ||   112
    Use: Scroll            |     6 |     1 ||     7
 Armour: Robe              |     6 |     3 ||     9
  Dodge: Dodged            |    39 |    12 ||    51

Table legend:
 A = Non-vault XP
 B = Vault XP
 C = Vault XP percentage of total XP
 D = Non-vault monster count
 E = Vault monster count
 F = Vault count percentage of total count
                 A         B        C        D         E       F
            +---------+---------+-------+---------+---------+-------
      Total |     101 |       0 |   0.0 |      41 |       0 |   0.0
            +---------+---------+-------+---------+---------+-------
        D:1 |      19 |       0 |   0.0 |      11 |       0 |   0.0
        D:2 |      42 |       0 |   0.0 |      21 |       0 |   0.0
        D:3 |      40 |       0 |   0.0 |       9 |       0 |   0.0
            +---------+---------+-------+---------+---------+-------
